[Event "Titled Tuesday Blitz August 23 Late 2022"]
[White "Atanasov, Anthony"]
[Black "Salem, A.R. Saleh"]
[WhiteFideId "2623897"]
[BlackFideId "9301348"]
[WhiteElo "1928"]
[BlackElo "2674"]
[Result "0-1"]
[Round "02"]
[TimeControl "180+1"]
[Date "2022.08.23"]
[WhiteClock "0:00:01"]
[BlackClock "0:00:40"]

1. Nf3 c5 2. e4 d6 3. d4 cxd4 4. Nxd4 Nf6 5. Nc3 a6 6. Nb3 e6 7. g4 b5 8. Bg2 Bb7 9. g5 Nfd7 10. h4 Nc6 11. Be3 Nce5 12. Nd2 Nb6 13. Bd4 b4 14. Ne2 Nc6 15. Be3 Be7 16. f4 Rc8 17. c3 a5 18. O-O O-O 19. c4 d5 20. c5 Nc4 21. Nxc4 dxc4 22. Qc2 Qd3 23. Qxd3 cxd3 24. Nc1 Rfd8 25. Rd1 Ba6 26. Bf1 e5 27. f5 Nd4 28. Bxd3 Bb7 29. Bxd4 Rxd4 30. Nb3 Rdd8 31. Nxa5 Bxc5+ 32. Kf1 Ba8 33. Rac1 h6 34. Nc4 Bd4 35. Ke2 Bb7 36. gxh6 gxh6 37. a3 b3 38. f6 Kf8 39. Rf1 Ba6 40. Nxe5 Rxc1 41. Rxc1 Bxb2 42. Rb1 Bxd3+ 43. Nxd3 Bxf6 44. Rxb3 Bxh4 45. a4 Rd4 46. Rb4 Rd8 47. e5 Be7 48. Rc4 Rd5 49. Ke3 h5 50. Ke4 Ra5 51. Nf4 h4 52. Nd5 Bg5 53. Nf6 Kg7 54. Kf3 Rxe5 55. Ng4 Rd5 56. Kg2 f5 57. Nf2 Kg6 58. Kf3 Re5 59. Rc6+ Kh5 60. Rc3 Bh6 61. Rb3 Re6 62. Rb5 Re3+ 63. Kg2 Rg3+ 64. Kf1 Kg6 65. Rb6+ Kg5 66. Rb5 Re3 67. Kg2 Bf8 68. a5 Rg3+ 69. Kh1 Ra3 70. a6 Rxa6 71. Ne4+ Kg6 72. Nf2 Ra2 73. Nh3 Bd6 74. Ng1 Rh2# 0-1


[Site "https://www.chess.com"]

[Event "Titled Tuesday Blitz August 23 Late 2022"]
[White "Bacrot, Etienne"]
[Black "Al-Tarboush, Ward"]
[WhiteFideId "605506"]
[BlackFideId "7601450"]
[WhiteElo "2673"]
[BlackElo "2234"]
[Result "1-0"]
[Round "02"]
[TimeControl "180+1"]
[Date "2022.08.23"]
[WhiteClock "0:00:12"]
[BlackClock "0:00:02"]

1. e4 e6 2. d4 d5 3. exd5 exd5 4. Nf3 Bg4 5. h3 Bh5 6. Qe2+ Qe7 7. Nc3 Bxf3 8. gxf3 Qxe2+ 9. Bxe2 c6 10. Bf4 Nf6 11. O-O-O Bb4 12. Na4 Nbd7 13. Rhg1 Nh5 14. Bh2 O-O 15. f4 Nhf6 16. f5 Ne4 17. f3 Nf2 18. Rdf1 Nxh3 19. Rg2 Rfe8 20. a3 Bf8 21. Kd2 Nf6 22. Nc3 b5 23. f4 b4 24. axb4 Bxb4 25. Rf3 Ne4+ 26. Kd3 c5 27. Nxd5 c4+ 28. Kxc4 Nd2+ 29. Kxb4 Nxf3 30. Bxf3 Rab8+ 31. Ka3 Re1 32. Ka2 Rc1 33. Bg4 Rd8 34. Ne7+ Kf8 35. Nc6 Rd6 36. d5 1-0


[Site "https://www.chess.com"]

[Event "Titled Tuesday Blitz August 23 Late 2022"]
[White "Bluebaum, Matthias"]
[Black "Senthil Maran K"]
[WhiteFideId "24651516"]
[BlackFideId "25035681"]
[WhiteElo "2603"]
[BlackElo "2124"]
[Result "1-0"]
[Round "02"]
[TimeControl "180+1"]
[Date "2022.08.23"]
[WhiteClock "0:01:34"]
[BlackClock "0:00:01"]

1. d4 Nf6 2. c4 e6 3. Nc3 d5 4. cxd5 exd5 5. Bg5 c6 6. e3 Bd6 7. Bd3 Nbd7 8. Nf3 Nf8 9. Qc2 Ng6 10. h4 Bg4 11. h5 Nf8 12. h6 g6 13. Ne5 Be6 14. e4 dxe4 15. Nxe4 Be7 16. Nxc6 bxc6 17. Qxc6+ N8d7 18. Nxf6+ Bxf6 19. Bxf6 Qa5+ 20. Kf1 O-O 21. Bg7 Rfe8 22. Qc3 Qg5 23. Qc1 Qg4 24. f3 Qg3 25. Qe1 Qd6 26. Qf2 Rab8 27. Rh4 Qb4 28. d5 Qxb2 29. Bxb2 1-0


[Site "https://www.chess.com"]

[Event "Titled Tuesday Blitz August 23 Late 2022"]
[White "Bok, Benjamin"]
[Black "Lewicki, Miroslaw"]
[WhiteFideId "1017063"]
[BlackFideId "1113380"]
[WhiteElo "2658"]
[BlackElo "2204"]
[Result "1-0"]
[Round "02"]
[TimeControl "180+1"]
[Date "2022.08.23"]
[WhiteClock "0:00:04"]
[BlackClock "0:00:04"]

1. d4 g6 2. c4 Bg7 3. Nf3 b6 4. e4 Bb7 5. Nc3 e6 6. Be2 Ne7 7. O-O O-O 8. Be3 d5 9. cxd5 exd5 10. e5 Nf5 11. Bg5 Qd7 12. Rc1 a6 13. h3 Nc6 14. Qd2 Rae8 15. Rfe1 Kh8 16. Bf1 Nd8 17. Bf6 Ne6 18. g4 Ne7 19. Qh6 Ng8 20. Qh4 c5 21. Ne2 cxd4 22. Nexd4 Nxd4 23. Nxd4 Bxf6 24. exf6 Re4 25. Nf3 Qd6 26. Ng5 Nxf6 27. Nxe4 dxe4 28. Qg3 Qe6 29. Rc7 Bd5 30. b3 a5 31. Rec1 Kg8 32. Qc3 h5 33. g5 Nh7 34. Qg3 Qf5 35. h4 Be6 36. Bg2 a4 37. Re1 axb3 38. axb3 Qb5 39. Rc3 Qa5 40. Rxe4 Rd8 41. Kh2 Nf8 42. Ra4 Qb5 43. Re3 Rd1 44. Rae4 Kg7 45. Qe5+ Qxe5+ 46. Rxe5 Rd6 47. b4 Nd7 48. R5e4 Rd1 49. Rc3 Bd5 50. Ree3 Bxg2 51. Kxg2 Nf8 52. Rc7 Ne6 53. Rxe6 1-0


[Site "https://www.chess.com"]

[Event "Titled Tuesday Blitz August 23 Late 2022"]
[White "Boros, Denes"]
[Black "Kambrath, Yannick"]
[WhiteFideId "722340"]
[BlackFideId "20632525"]
[WhiteElo "2464"]
[BlackElo "2236"]
[Result "0-1"]
[Round "02"]
[TimeControl "180+1"]
[Date "2022.08.23"]
[WhiteClock "0:01:27"]
[BlackClock "0:00:33"]

1. d4 d5 2. Nc3 Nf6 3. Nf3 Nbd7 4. Bg5 a6 5. h3 b5 6. a3 Bb7 7. b4 e6 8. e3 Bd6 9. Bd3 h6 10. Bf4 Qe7 11. Ne5 Nb6 12. O-O Nc4 13. Bxc4 dxc4 14. Re1 O-O 15. e4 Rfd8 16. Qe2 Nd7 17. Qe3 Bxe5 18. dxe5 Nf8 19. Qg3 Ng6 20. Be3 Rd7 21. f4 Qh4 22. Qf3 Rad8 23. Bf2 Qxf4 24. Bg3 Qg5 25. Qf2 Rd2 26. Re2 Rxe2 27. Nxe2 Bxe4 28. Rf1 Rd7 29. Nf4 Nxe5 30. Bh4 Nf3+ 31. Qxf3 Bxf3 32. Bxg5 hxg5 33. Nxe6 Bxg2 34. Kxg2 Rd2+ 35. Kg3 fxe6 36. Re1 Kf7 37. Re5 Rxc2 38. Rc5 Rc3+ 39. Kg4 Rxa3 40. Kxg5 Rg3+ 41. Kf4 Rb3 42. Ke5 Re3+ 43. Kd4 Rxh3 44. Rxc7+ Kf6 45. Ke4 Rb3 0-1


[Site "https://www.chess.com"]

[Event "Titled Tuesday Blitz August 23 Late 2022"]
[White "Bortnyk, Olexandr"]
[Black "Blanco Ronquillo, Humberto L."]
[WhiteFideId "14120828"]
[BlackFideId "3504239"]
[WhiteElo "2723"]
[BlackElo "2425"]
[Result "1-0"]
[Round "02"]
[TimeControl "180+1"]
[Date "2022.08.23"]
[WhiteClock "0:01:05"]
[BlackClock "0:00:47"]

1. d4 d5 2. Nc3 Nf6 3. Bf4 a6 4. e3 e6 5. Nf3 c5 6. a3 Be7 7. dxc5 Bxc5 8. Bd3 O-O 9. O-O b5 10. e4 Bb7 11. e5 Ne4 12. Bxe4 dxe4 13. Ng5 Bd4 14. Ncxe4 Bxe4 15. Nxe4 Bxb2 16. Qg4 f5 17. exf6 Bxf6 18. Qxe6+ Kh8 19. Rad1 Qe7 20. Qd5 Ra7 21. Bd6 1-0


[Site "https://www.chess.com"]

[Event "Titled Tuesday Blitz August 23 Late 2022"]
[White "Cruz, Cristhian"]
[Black "Sarana, Alexey"]
[WhiteFideId "3801969"]
[BlackFideId "24133795"]
[WhiteElo "2497"]
[BlackElo "2666"]
[Result "0-1"]
[Round "02"]
[TimeControl "180+1"]
[Date "2022.08.23"]
[WhiteClock "0:00:01"]
[BlackClock "0:00:31"]

1. d4 Nf6 2. c4 e6 3. Nc3 d5 4. cxd5 exd5 5. Bg5 Be6 6. e3 Nbd7 7. Bd3 c6 8. f4 h6 9. Bh4 g5 10. fxg5 Ng4 11. Qe2 hxg5 12. Bg3 Ndf6 13. Nf3 Nh5 14. O-O-O Nxg3 15. hxg3 Rxh1 16. Rxh1 Qf6 17. e4 O-O-O 18. e5 Qe7 19. Rh7 Kb8 20. Kb1 Rc8 21. Qd2 c5 22. Ne2 Nf2 23. Bc2 Ne4 24. Qe3 Bf5 25. Rh8 Bg6 26. dxc5 Rxc5 27. Ned4 Rc8 28. a3 g4 29. Nh4 Qxe5 30. Nxg6 fxg6 31. Qf4 Bd6 32. Rxc8+ Kxc8 33. Qxg4+ Kb8 34. Nb5 Nd2+ 35. Ka2 Nc4 36. Qd4 a6 37. Qxe5 Bxe5 38. Nc3 Bxc3 39. bxc3 g5 40. Kb3 Kc7 41. Kb4 Kc6 42. Bg6 a5+ 43. Kb3 Kc5 0-1


[Site "https://www.chess.com"]

[Event "Titled Tuesday Blitz August 23 Late 2022"]
[White "Czopor, Maciej"]
[Black "Kamsky, Gata"]
[WhiteFideId "21805431"]
[BlackFideId "2000024"]
[WhiteElo "1924"]
[BlackElo "2666"]
[Result "1-0"]
[Round "02"]
[TimeControl "180+1"]
[Date "2022.08.23"]
[WhiteClock "0:00:01"]
[BlackClock "0:00:01"]

1. c4 e5 2. Nc3 Nc6 3. e3 Nf6 4. a3 g6 5. Nf3 Bg7 6. d3 O-O 7. Be2 a5 8. O-O d5 9. cxd5 Nxd5 10. Bd2 Nxc3 11. Bxc3 a4 12. Qc2 Be6 13. Rac1 Qd7 14. Nd2 f5 15. f4 exf4 16. Bxg7 Qxg7 17. Rxf4 Qe5 18. Qc5 Qxc5 19. Rxc5 Kg7 20. Bd1 Rfd8 21. Rc3 Ne5 22. Rxc7+ Rd7 23. Rxd7+ Bxd7 24. Nc4 Nxd3 25. Rd4 Nc5 26. Nb6 Re8 27. Nxd7 Ne4 28. Bxa4 Rc8 29. Nb6 Rc1+ 30. Rd1 Rc5 31. Nd5 h5 32. g3 Kh6 33. Kg2 Kg5 34. h4+ Kh6 35. Nf4 Ra5 36. Bc2 Nf6 37. Rd6 Kg7 38. Ne6+ Kf7 39. Ng5+ Kg7 40. Rb6 Ng4 41. Rxb7+ Kf6 42. Rf7+ Ke5 43. Nf3+ Kd6 44. Bb1 Nxe3+ 45. Kf2 Nd1+ 46. Ke2 Nxb2 47. Rf6+ Ke7 48. Rxg6 Rxa3 49. Bxf5 Nc4 50. Rg5 Kf6 51. Rxh5 Ra2+ 52. Kd3 Nd6 53. g4 Ra3+ 54. Ke2 Ra2+ 55. Ke3 Nc4+ 56. Kf4 Ra4 57. Rh6+ Kg7 58. Rg6+ Kf8 59. Kg5 Ne3 60. Nd4 Rxd4 61. h5 Rd5 62. h6 Nxf5 63. gxf5 Rd7 64. Kf6 Rd6+ 65. Kg5 Rd7 66. Kh5 1-0


[Site "https://www.chess.com"]

[Event "Titled Tuesday Blitz August 23 Late 2022"]
[White "Deac, Bogdan-Daniel"]
[Black "Blohberger, Felix"]
[WhiteFideId "1226380"]
[BlackFideId "1632051"]
[WhiteElo "2648"]
[BlackElo "2483"]
[Result "1-0"]
[Round "02"]
[TimeControl "180+1"]
[Date "2022.08.23"]
[WhiteClock "0:00:03"]
[BlackClock "0:00:04"]

1. Nf3 d5 2. d4 Nf6 3. c4 c6 4. Nc3 dxc4 5. a4 Bf5 6. Ne5 Nbd7 7. Nxc4 e6 8. f3 Nb6 9. e4 Bg6 10. Ne5 Nfd7 11. Nd3 a5 12. h4 h6 13. Be3 Be7 14. Bf2 Qb8 15. g4 O-O 16. Qb3 Nc8 17. f4 Bh7 18. g5 h5 19. Bg2 Nd6 20. O-O Qc7 21. Qd1 Bg6 22. Rc1 Qd8 23. Bf3 Ra6 24. Qe2 Rb6 25. Bxh5 Bxh5 26. Qxh5 Nc4 27. Qe2 Qb8 28. Bg3 Qd6 29. Bf2 Qb8 30. Kg2 Bd6 31. Bg3 Rb3 32. Rc2 c5 33. Nb5 cxd4 34. Rxc4 1-0


[Site "https://www.chess.com"]

[Event "Titled Tuesday Blitz August 23 Late 2022"]
[White "Diaz Perez, Michel Alejandro"]
[Black "Moroni, Luca Jr"]
[WhiteFideId "3517179"]
[BlackFideId "865834"]
[WhiteElo "2313"]
[BlackElo "2573"]
[Result "0-1"]
[Round "02"]
[TimeControl "180+1"]
[Date "2022.08.23"]
[WhiteClock "0:00:14"]
[BlackClock "0:00:07"]

1. d4 g6 2. Nf3 Bg7 3. c4 d6 4. Nc3 Nc6 5. g3 Bd7 6. Bg2 Qc8 7. h4 Nf6 8. Bg5 h6 9. Bf4 Ng4 10. Qd2 a5 11. e4 Nxd4 12. Nxd4 e5 13. Ndb5 exf4 14. gxf4 O-O 15. h5 Qd8 16. hxg6 fxg6 17. f5 gxf5 18. O-O-O Ne5 19. exf5 Bxf5 20. Bd5+ Kh7 21. Be4 Qd7 22. Rdg1 Rae8 23. f4 Nxc4 24. Qd3 Rxe4 25. Nxe4 Bxb2+ 26. Kb1 Qxb5 27. Ng5+ Kh8 28. Rxh6+ Kg7 29. Ne6+ Kxh6 30. Rh1+ Kg6 31. Rg1+ Kf6 0-1


[Site "https://www.chess.com"]

[Event "Titled Tuesday Blitz August 23 Late 2022"]
[White "Dubov, Daniil"]
[Black "Krishnan, Varun"]
[WhiteFideId "24126055"]
[BlackFideId "5054508"]
[WhiteElo "2791"]
[BlackElo "2624"]
[Result "1-0"]
[Round "02"]
[TimeControl "180+1"]
[Date "2022.08.23"]
[WhiteClock "0:00:11"]
[BlackClock "0:00:10"]

1. d4 d5 2. c4 c6 3. Nf3 Nf6 4. cxd5 cxd5 5. Nc3 Nc6 6. Bf4 a6 7. Rc1 Bg4 8. Ne5 e6 9. Nxg4 Nxg4 10. e4 Nf6 11. e5 Ne4 12. Be3 Bb4 13. Bd3 O-O 14. O-O Bxc3 15. bxc3 f5 16. f3 Ng5 17. Qd2 Nf7 18. c4 Qd7 19. cxd5 exd5 20. f4 Nfd8 21. g4 fxg4 22. f5 Qf7 23. Kh1 Qh5 24. Rf4 g3 25. Rg1 Qxh2+ 26. Qxh2 gxh2 27. Kxh2 b5 28. Rfg4 Ra7 29. Bh6 Rff7 30. e6 Rfc7 31. e7 Rxe7 32. f6 Red7 33. fxg7 Ne7 34. Rh4 Ng6 35. Bxg6 hxg6 36. Rxg6 Rf7 37. Bg5 Rxg7 38. Rxg7+ Rxg7 39. Bxd8 Rd7 40. Bf6 Rc7 41. Rh8+ Kf7 42. Rh7+ Kxf6 43. Rxc7 Kf5 44. Re7 Kf4 45. Re5 Kf3 46. Rxd5 Ke3 47. Rd6 Ke4 48. Rxa6 Kxd4 49. Rc6 b4 50. Kg2 Kd5 51. Rc1 Kd4 52. Kf2 Kd3 53. Kf3 Kd2 54. Rc4 Kd3 55. Rxb4 Kc3 56. a3 1-0


[Site "https://www.chess.com"]

[Event "Titled Tuesday Blitz August 23 Late 2022"]
[White "Gubajdullin, Alexei"]
[Black "Beerdsen, Thomas"]
[WhiteFideId "4141202"]
[BlackFideId "1030108"]
[WhiteElo "2214"]
[BlackElo "2567"]
[Result "0-1"]
[Round "02"]
[TimeControl "180+1"]
[Date "2022.08.23"]
[WhiteClock "0:00:03"]
[BlackClock "0:01:11"]

1. Nf3 d5 2. d4 c5 3. dxc5 Nf6 4. e3 e6 5. b4 a5 6. c3 b6 7. Bb5+ Bd7 8. Bxd7+ Nfxd7 9. Qa4 bxc5 10. b5 Nb6 11. Qg4 N8d7 12. Nbd2 Nf6 13. Qg3 Bd6 14. Qxg7 Rg8 15. Qh6 Rxg2 16. Qh3 Rg6 17. c4 d4 18. exd4 cxd4 19. Bb2 e5 20. Kf1 Qc8 21. Qxc8+ Rxc8 22. Re1 Nfd7 23. Bxd4 Nxc4 24. Nxc4 Rxc4 25. Bxe5 Nxe5 26. Nxe5 Bxe5 27. Rxe5+ Kd7 28. Ke2 Rc2+ 29. Ke3 Rc3+ 30. Ke4 Rg4+ 31. Kf5 Rd4 32. Re3 Rc5+ 33. Kf6 Rf4+ 34. Kg7 Rg5+ 35. Kf8 Rxb5 36. Rd1+ Kc6 37. Rc3+ Rc5 38. Rxc5+ Kxc5 39. Rd2 h5 40. Kg7 h4 41. Kh6 f6 42. Kh5 a4 43. Re2 Kb4 44. h3 Kc3 45. Re3+ Kd2 46. Ra3 Ke2 47. f3 Kf2 48. Kg6 Kg3 49. Kf7 Kxh3 50. Ke6 Kg2 51. Kd5 h3 52. Kc5 h2 53. Kb5 h1=Q 54. Rd3 Qb1+ 55. Ka5 Qxd3 56. a3 Qb3 57. Ka6 Rh4 58. Ka7 Rh8 0-1


[Site "https://www.chess.com"]

[Event "Titled Tuesday Blitz August 23 Late 2022"]
[White "Harvey, Marcus R"]
[Black "Nazaretyan, Tigran"]
[WhiteFideId "400092"]
[BlackFideId "24162345"]
[WhiteElo "2485"]
[BlackElo "2183"]
[Result "0-1"]
[Round "02"]
[TimeControl "180+1"]
[Date "2022.08.23"]
[WhiteClock "0:00:02"]
[BlackClock "0:00:44"]

1. d4 Nf6 2. Nf3 g6 3. Nc3 d5 4. Bf4 Bg7 5. e3 O-O 6. h3 c5 7. dxc5 Qa5 8. Qd2 Nc6 9. Rd1 Rd8 10. Nb5 Qxa2 11. Bd3 Qxb2 12. O-O Ne4 13. Bxe4 Qxb5 14. Bxd5 Qxc5 15. Bxc6 Rxd2 16. Rxd2 bxc6 17. Rd8+ Bf8 18. Bh6 Bb7 19. Rfd1 Qb6 20. Rxa8 Bxa8 21. Bxf8 Kxf8 22. Ne5 Kg7 23. Rd7 Qc5 24. Nf3 a5 25. Nd4 a4 26. Rd8 Bb7 27. Rb8 Ba6 28. Kh2 a3 29. Rb3 a2 0-1


[Site "https://www.chess.com"]

[Event "Titled Tuesday Blitz August 23 Late 2022"]
[White "Hnydiuk, Aleksander"]
[Black "Yanchenko, Roman"]
[WhiteFideId "1109057"]
[BlackFideId "4137329"]
[WhiteElo "2374"]
[BlackElo "2514"]
[Result "0-1"]
[Round "02"]
[TimeControl "180+1"]
[Date "2022.08.23"]
[WhiteClock "0:00:09"]
[BlackClock "0:01:29"]

1. e4 e6 2. d4 d5 3. e5 c5 4. c3 Qb6 5. Nf3 Bd7 6. Be2 Bb5 7. O-O Bxe2 8. Qxe2 Nc6 9. dxc5 Bxc5 10. Nbd2 a6 11. Nb3 Bf8 12. Be3 Qc7 13. Bc5 Bxc5 14. Nxc5 Nge7 15. Nb3 O-O 16. Rfe1 Rac8 17. Rad1 b5 18. a3 Qb6 19. Nbd4 h6 20. g3 Rc7 21. Kg2 Rfc8 22. h4 Nxd4 23. Nxd4 Nc6 24. Nxc6 Rxc6 25. Rd4 Rc4 26. Red1 a5 27. R1d3 b4 28. axb4 axb4 29. Rxc4 Rxc4 30. cxb4 Rxb4 31. Rc3 Qb7 32. Rc2 Rb3 33. Kh2 d4 34. Qd2 d3 35. Rc3 Rxb2 36. Qe3 Rb1 37. f3 Qb2+ 0-1


[Site "https://www.chess.com"]

[Event "Titled Tuesday Blitz August 23 Late 2022"]
[White "Howell, David W L"]
[Black "Hjartarson, Johann"]
[WhiteFideId "410608"]
[BlackFideId "2300044"]
[WhiteElo "2559"]
[BlackElo "2458"]
[Result "1-0"]
[Round "02"]
[TimeControl "180+1"]
[Date "2022.08.23"]
[WhiteClock "0:00:18"]
[BlackClock "0:00:09"]

1. e4 g6 2. Nc3 Bg7 3. f4 c5 4. Nf3 Nc6 5. a3 e6 6. b4 b6 7. bxc5 bxc5 8. e5 d6 9. Bb5 Ne7 10. Ne4 dxe5 11. fxe5 O-O 12. Bxc6 Nxc6 13. Bb2 Rb8 14. Bc3 Qd5 15. Nf6+ Bxf6 16. exf6 e5 17. d3 Nd4 18. O-O h6 19. Qd2 Kh7 20. Rae1 Re8 21. Ng5+ Kg8 22. Ne4 Kh7 23. Ng5+ Kg8 24. Ne4 Kh7 25. Re3 Rb6 26. Bxd4 cxd4 27. Rg3 Bb7 28. Rff3 Qa2 29. Qxh6+ 1-0


[Site "https://www.chess.com"]

[Event "Titled Tuesday Blitz August 23 Late 2022"]
[White "Ibrahimli, Murad"]
[Black "Al Hosani, Omran"]
[WhiteFideId "13410229"]
[BlackFideId "9308733"]
[WhiteElo "2109"]
[BlackElo "2236"]
[Result "1-0"]
[Round "02"]
[TimeControl "180+1"]
[Date "2022.08.23"]
[WhiteClock "0:02:18"]
[BlackClock "0:01:07"]

1. d4 Nf6 2. c4 e6 3. Nf3 d5 4. g3 Bb4+ 5. Bd2 a5 6. Bg2 O-O 7. Kf1 dxc4 8. Qc2 b5 9. Bg5 Bb7 10. Nc3 h6 11. Bxf6 Qxf6 12. Nxb5 Nc6 13. e3 Ne7 14. Ne5 Bxg2+ 15. Kxg2 Rfd8 16. Qxc4 Rac8 17. Na7 Ra8 18. Nac6 Nxc6 19. Nxc6 Rd5 20. e4 Rd7 21. Rac1 Bf8 22. Rhe1 h5 23. h4 a4 24. Re3 a3 25. b3 Qg6 26. Ne5 1-0


[Site "https://www.chess.com"]

[Event "Titled Tuesday Blitz August 23 Late 2022"]
[White "Jaracz, Pawel"]
[Black "Carlsen, Magnus"]
[WhiteFideId "1102222"]
[BlackFideId "1503014"]
[WhiteElo "2459"]
[BlackElo "2830"]
[Result "0-1"]
[Round "02"]
[TimeControl "180+1"]
[Date "2022.08.23"]
[WhiteClock "0:00:04"]
[BlackClock "0:00:20"]

1. e4 g6 2. d4 d6 3. Nc3 c6 4. h3 Bg7 5. Nf3 Nf6 6. Bg5 O-O 7. Qd2 Qa5 8. Bd3 e5 9. O-O-O Nbd7 10. Kb1 exd4 11. Nxd4 Re8 12. Bh6 Bh8 13. f3 Ne5 14. h4 b5 15. h5 b4 16. Nce2 c5 17. Nb3 Qb6 18. hxg6 fxg6 19. Be3 a5 20. Nf4 a4 21. Nc1 b3 22. cxb3 axb3 23. a3 d5 24. exd5 Nxd3 25. Ncxd3 Qb5 26. Bxc5 Ra4 27. Bb4 Bf5 28. g4 Bxd3+ 29. Qxd3 Rxb4 30. axb4 Qa4 31. Ne6 Qa2+ 32. Kc1 Ne4 33. Qb1 Rc8+ 34. Nc5 Nxc5 35. Qxa2 Na6+ 36. Kd2 bxa2 37. Rc1 Rxc1 38. Rxc1 Bxb2 39. Rd1 Nxb4 40. d6 a1=Q 41. Rxa1 Bxa1 42. g5 Kf7 0-1


[Site "https://www.chess.com"]

[Event "Titled Tuesday Blitz August 23 Late 2022"]
[White "Korchmar, Vasiliy"]
[Black "Lenderman, Aleksandr"]
[WhiteFideId "24131750"]
[BlackFideId "2021285"]
[WhiteElo "2370"]
[BlackElo "2607"]
[Result "1-0"]
[Round "02"]
[TimeControl "180+1"]
[Date "2022.08.23"]
[WhiteClock "0:00:10"]
[BlackClock "0:00:02"]

1. e4 e6 2. d4 d5 3. e5 c5 4. c3 Ne7 5. Na3 Nec6 6. Nc2 b6 7. Nf3 Be7 8. h4 a5 9. h5 h6 10. Rh3 a4 11. Rg3 Bf8 12. Bb5 Ra5 13. Qe2 Ba6 14. Bxa6 Nxa6 15. a3 Nc7 16. Kf1 Ra8 17. Kg1 Na5 18. Bf4 Qd7 19. Ne3 Qb5 20. Qc2 Rc8 21. dxc5 bxc5 22. Nd2 c4 23. Nf3 Rb8 24. Rb1 Na6 25. Nd4 Qd7 26. Nxd5 exd5 27. e6 fxe6 28. Bxb8 Nxb8 29. Nxe6 Qxe6 30. Re3 Qxe3 31. fxe3 Nd7 32. Qg6+ Kd8 33. Qa6 Nb3 34. Qa8+ Kc7 35. Rf1 Nf6 36. Rf5 Nc5 37. Re5 Bd6 38. Qxh8 Bxe5 39. Qxg7+ Ncd7 40. Qxh6 Bh2+ 41. Kf1 Kd6 42. Qg6 Ke7 43. h6 Be5 44. Qg7+ Ke6 45. h7 Nxh7 46. Qxh7 Nf6 47. Qa7 Ne4 48. Qxa4 Bd6 49. Qe8+ Kf6 50. a4 Nd2+ 51. Ke2 Nb3 52. a5 Nc5 53. Qc6 Ke5 54. a6 1-0


[Site "https://www.chess.com"]

[Event "Titled Tuesday Blitz August 23 Late 2022"]
[White "Kowalski, Igor"]
[Black "Bilan, Danila"]
[WhiteFideId "1172468"]
[BlackFideId "24161918"]
[WhiteElo "2376"]
[BlackElo "2164"]
[Result "1-0"]
[Round "02"]
[TimeControl "180+1"]
[Date "2022.08.23"]
[WhiteClock "0:02:34"]
[BlackClock "0:02:04"]

1. d4 d5 2. c4 c6 3. Nc3 Nf6 4. e3 e6 5. Nf3 Nbd7 6. Be2 Bd6 7. O-O O-O 8. b3 dxc4 9. bxc4 e5 10. Qc2 Qc7 11. Rd1 Re8 12. c5 Bf8 13. Bc4 exd4 14. exd4 b6 15. Bxf7+ Kxf7 16. Ng5+ Kg8 17. Qb3+ Nd5 18. Nxd5 cxd5 19. Qxd5+ 1-0


[Site "https://www.chess.com"]

[Event "Titled Tuesday Blitz August 23 Late 2022"]
[White "Levine, Joseph"]
[Black "Zhigalko, Sergei"]
[WhiteFideId "30940346"]
[BlackFideId "13502956"]
[WhiteElo "1810"]
[BlackElo "2662"]
[Result "0-1"]
[Round "02"]
[TimeControl "180+1"]
[Date "2022.08.23"]
[WhiteClock "0:00:12"]
[BlackClock "0:00:04"]

1. e4 c5 2. Nf3 Nc6 3. d4 cxd4 4. Nxd4 Nf6 5. Nc3 e5 6. Ndb5 d6 7. Bg5 a6 8. Na3 b5 9. Nd5 Be7 10. Bxf6 Bxf6 11. c3 Bg5 12. Nc2 Ne7 13. h4 Bh6 14. g3 O-O 15. Bh3 Bb7 16. Ncb4 Kh8 17. O-O g6 18. Nxe7 Qxe7 19. Nd5 Qd8 20. Qd3 f5 21. Rad1 fxe4 22. Qxe4 Ra7 23. Qd3 Ba8 24. Bg2 Raf7 25. Ne3 Qb6 26. Bxa8 Rxf2 27. Rxf2 Bxe3 28. Qxd6 Bxf2+ 29. Kh2 Qxd6 30. Rxd6 Rxa8 0-1


[Site "https://www.chess.com"]

[Event "Titled Tuesday Blitz August 23 Late 2022"]
[White "Machidon, Cristi"]
[Black "Melkumyan, Hrant"]
[WhiteFideId "13904590"]
[BlackFideId "13302485"]
[WhiteElo "2312"]
[BlackElo "2604"]
[Result "0-1"]
[Round "02"]
[TimeControl "180+1"]
[Date "2022.08.23"]
[WhiteClock "0:00:03"]
[BlackClock "0:00:18"]

1. d4 d5 2. c4 e6 3. Nc3 Nf6 4. cxd5 exd5 5. Bg5 c6 6. e3 h6 7. Bh4 Be7 8. Bd3 O-O 9. Nge2 Re8 10. O-O a5 11. a3 Na6 12. Qc2 Nc7 13. Rab1 Ne6 14. Rfc1 Ng5 15. b4 axb4 16. axb4 b5 17. Ng3 Bd7 18. Nce2 Ra4 19. Bxg5 hxg5 20. Bf5 Ra6 21. Rb3 Bf8 22. Rc3 Bxf5 23. Nxf5 Re6 24. Qb2 Ne4 25. Rb3 Qf6 26. Neg3 Nxg3 27. Nxg3 g4 28. Qe2 Qg5 29. Qc2 g6 30. Qc3 Bd6 31. Ra3 Rxa3 32. Qxa3 Bf8 33. Qa8 Rxe3 34. Qxc6 Re6 35. Qc8 Re8 36. Qxe8 Qxc1+ 37. Nf1 Qc4 38. Ne3 Qxb4 39. g3 Qxd4 40. Qxb5 Bc5 41. Qe8+ Kg7 42. Qd7 Qa1+ 43. Nf1 Qf6 44. Ne3 Bxe3 45. fxe3 Qa1+ 46. Kf2 Qb2+ 47. Kg1 Qc1+ 48. Kg2 Qd2+ 49. Kf1 Qd1+ 50. Kf2 Qf3+ 0-1


[Site "https://www.chess.com"]

[Event "Titled Tuesday Blitz August 23 Late 2022"]
[White "Makarian, Rudik"]
[Black "Mcconnell, Sullivan"]
[WhiteFideId "44105681"]
[BlackFideId "30934885"]
[WhiteElo "2403"]
[BlackElo "2587"]
[Result "1-0"]
[Round "02"]
[TimeControl "180+1"]
[Date "2022.08.23"]
[WhiteClock "0:00:21"]
[BlackClock "0:00:12"]

1. b3 b6 2. Bb2 Bb7 3. d3 d6 4. e4 e5 5. Nd2 Nd7 6. g3 g6 7. Bg2 Bg7 8. Ne2 Ne7 9. O-O O-O 10. a4 a5 11. h3 h6 12. Nc4 Nc5 13. Qd2 Qd7 14. Kh2 Kh7 15. f4 f5 16. fxe5 dxe5 17. Bxe5 fxe4 18. d4 Ne6 19. c3 Nf5 20. Bxg7 Nexg7 21. Nf4 g5 22. Ng6 Rf6 23. Nge5 Qe7 24. Ne3 Rd8 25. Qe2 c5 26. Nxf5 Nxf5 27. Bxe4 Kg7 28. Rxf5 Rxf5 29. Bxf5 cxd4 30. cxd4 Rxd4 31. Re1 Qd6 32. Nf3 Bxf3 33. Qxf3 Rd2+ 34. Re2 Qc5 1-0


[Site "https://www.chess.com"]

[Event "Titled Tuesday Blitz August 23 Late 2022"]
[White "Maksimovic, Bojan"]
[Black "Pinheiro, Iung Alicio de O."]
[WhiteFideId "14408120"]
[BlackFideId "2104350"]
[WhiteElo "2447"]
[BlackElo "2283"]
[Result "0-1"]
[Round "02"]
[TimeControl "180+1"]
[Date "2022.08.23"]
[WhiteClock "0:00:06"]
[BlackClock "0:00:42"]

1. e4 c5 2. Nf3 Nc6 3. d4 cxd4 4. Nxd4 e5 5. Nb5 d6 6. N1c3 a6 7. Na3 b5 8. Nd5 Nge7 9. c3 Nxd5 10. exd5 Ne7 11. Nc2 Bd7 12. Be2 g6 13. O-O Bg7 14. Kh1 O-O 15. f4 Nf5 16. Nb4 Qh4 17. Qe1 Qd8 18. Nc6 Qc7 19. fxe5 dxe5 20. Bg4 Rae8 21. Bg5 Qd6 22. Rd1 f6 23. Bc1 Kh8 24. Qe4 Qc7 25. Bxf5 Bxf5 26. Rxf5 gxf5 27. Qxf5 Qc8 28. Qxc8 Rxc8 29. Ne7 Rcd8 30. Nf5 Rf7 31. Be3 Rfd7 32. d6 Bf8 33. Bc5 Rc8 34. Ba3 Kg8 35. g4 Kf7 36. Kg2 Ke6 37. Kf3 Rc4 38. h3 a5 39. Ne3 Rf4+ 40. Kg3 b4 41. cxb4 axb4 42. Nd5 bxa3 43. Nxf4+ exf4+ 44. Kxf4 Bxd6+ 45. Ke4 axb2 46. Rb1 Be5 47. a4 Rd4+ 48. Ke3 Rxa4 49. Kd3 Ra1 50. Kc2 Rxb1 0-1


[Site "https://www.chess.com"]